 Dungeon Crawl Stone Soup version 0.31-a0-177-g4aa6249778 (webtiles) character file.

Game seed: 9806302923524511522

2467 qw the Skirmisher (level 9, -3/82 HPs)
             Began as a Naga Hunter on June 18, 2023.
             Was a Believer of Okawaru.
             Slain by a catoblepas (5 damage)
             ... while petrified by a catoblepas
             ... on level 8 of the Dungeon.
             The game lasted 00:02:34 (6993 turns).

qw the Skirmisher (Naga Hunter)                     Turns: 6993, Time: 00:02:35

Health: -3/82      AC: 12    Str: 15    XL:     9   Next: 51%
Magic:  12/12      EV:  1    Int:  9    God:    Okawaru [**....]
Gold:   1159       SH:  0    Dex: 24    Spells: 8/8 levels left

rFire   + . .        Y - +5 shortbow
rCold   . . .        (shield currently unavailable)
rNeg    + + +        a - +2 robe {rF+}
rPois   inf          c - +2 hat
rElec   .            (no cloak)
rCorr   .            (no gloves)
SInv    +            (no barding)
Will    +....        (no amulet)
Stlth   ++           i - +4 ring of protection
HPRegen 0.33/turn    q - +6 ring of dexterity
MPRegen 0.13/turn

%: no passive effects
@: petrified, very slow
A: AC +3, large, see invisible, deformed body, poison resistance, slowness 2,
spit poison 1, naga tail 1
a: Spit Poison, Renounce Religion, Heroism


You were on level 8 of the Dungeon.
You worshipped Okawaru.
Okawaru was pleased with you.
You visited 1 branch of the dungeon, and saw 8 of its levels.

You collected 1243 gold pieces.
You spent 84 gold pieces at shops.


Innate Abilities, Weirdness & Mutations

Your serpentine skin is tough. (AC +3)
You have supernaturally acute eyesight. (SInv)
Armour fits poorly on your strangely shaped body.
Your system is resistant to poisons. (rPois)
You cover ground very slowly.
You can spit poison.
You have a snake-like lower body.


   Skills:
 - Level 6.1 Fighting
 - Level 9.5 Ranged Weapons
 + Level 3.9 Dodging
 - Level 1.5 Stealth
 - Level 4.0 Invocations


You had 8 spell levels left.
You didn't know any spells.
Your spell library was empty.

Inventory:

Hand Weapons
 Y - a +5 shortbow (weapon)
Armour
 a - a +2 robe of fire resistance (worn)
 c - a +2 hat (worn)
 d - a +4 ring mail
Jewellery
 i - a +4 ring of protection (left hand)
 q - a +6 ring of dexterity (right hand)
Wands
 p - a wand of digging (5)
Scrolls
 g - 2 scrolls of identify
 h - a scroll of enchant armour
 n - 2 scrolls of teleportation
Potions
 b - a potion of might
 f - a potion of magic
 j - a potion of mutation {unknown}
 m - a potion of enlightenment {unknown}
 o - 2 potions of haste

Dungeon Overview and Level Annotations

Branches:
Dungeon (8/15)             Temple (0/1) D:5
   Lair: D:8-11

Altars:
Cheibriados
Fedhas
Nemelex Xobeh
Okawaru
Yredelemnul

Shops:
D:3 ?   D:4 (


Message History

The splash of poison hits the catoblepas.
The catoblepas is heavily wounded.
You are engulfed in calcifying dust.
The catoblepas gores you!
You shoot an arrow. The arrow hits the catoblepas.
The catoblepas is heavily wounded.
You are engulfed in calcifying dust.
You shoot an arrow. The arrow hits the catoblepas.
The catoblepas is heavily wounded.
You are engulfed in calcifying dust.
You are slowing down.
The catoblepas breathes a plume of calcifying dust at you.
The blast of calcifying dust hits you.
6985 ||| DRINKING potion of cancellation.
You feel limber!
You feel magically purged.
You are engulfed in calcifying dust.
You are slowing down.
The catoblepas gores you but does no damage.
6986 ||| Stepping ~*~*~tactically~*~*~ (cloud).
The catoblepas attacks as you move away!
The catoblepas gores you.
You have got your breath back.
The catoblepas breathes a plume of calcifying dust at you.
The blast of calcifying dust hits you!
The catoblepas breathes a plume of calcifying dust at you.
The blast of calcifying dust hits you but does no damage.
You have turned to stone.
You are engulfed in calcifying dust.
The catoblepas gores you!
You are engulfed in calcifying dust.
The catoblepas gores you!!
You are engulfed in calcifying dust.
The catoblepas gores you but does no damage.
You are engulfed in calcifying dust.
You feel like a meek peon again. The catoblepas gores you!
You are engulfed in calcifying dust.
The catoblepas gores you!!
You hear a shout!
The catoblepas gores you!!
The catoblepas roars fiercely, eyes lowered.
The catoblepas gores you!
You die...

#######.#####......##.#
### ##........#
##...#..# #....#..#
#....#..# #....#..#
#/...#..# #....#..#
#.#@Y#..## #........#
#.####...# #.# #.#...#
... #.#ยค..# ..##
#)#Y.... #.. #)#.#.###
#. #...... #.... ##


You could see a catoblepas.

Vanquished Creatures
  Maggie (D:6)
  Sigmund (D:3)
  A wyvern (D:7)
  A water moccasin (D:7)
  An orc warrior (D:6)
  A sky beast (D:6)
  A centaur (D:5)
  2 kobold brigands
  A phantom (D:6)
  A bullfrog (D:6)
  Blork the orc (D:6)
  A scorpion (D:5)
  4 wights (D:7)
  4 howler monkeys
  2 hounds
  3 orc priests
  A jelly (D:5)
  9 orc wizards
  11 gnolls
  7 adders
  3 white imps
  3 ufetubi
  2 worms
  4 dart slugs
  36 orcs
  8 endoplasms
  A giant cockroach (D:2)
  2 goblins
  5 hobgoblins
  6 jackals
  19 kobolds
  8 quokkas
  A ball python (D:2)
  6 bats
  2 frilled lizards (D:2)
  3 rats (D:2)
  A spectral orc (D:6)
164 creatures vanquished.

Notes
Turn   | Place    | Note
-------+----------+-------------------------------------------
     0 | D:1      | qw the Naga Hunter began the quest for the Orb.
     0 | D:1      | Reached XP level 1. HP: 19/19 MP: 1/1
     0 | D:1      | 0 ||| qw: Version: 0.3-a-5-g6f28e65
     0 | D:1      | 0 ||| qw: Game counter: 556
     0 | D:1      | 0 ||| qw: Always use a shield: true
     0 | D:1      | 0 ||| qw: God list: Okawaru
     0 | D:1      | 0 ||| qw: Allow faded altars: false
     0 | D:1      | 0 ||| qw: Do Orc after D:15 true
     0 | D:1      | 0 ||| qw: Do second Lair branch before Depths: true
     0 | D:1      | 0 ||| qw: Lair rune preference: random
     0 | D:1      | 0 ||| qw: Plans: Normal
     0 | D:1      | 0 ||| PLANNING D:1-11
     9 | D:1      | 9 ||| Stepping ~*~*~tactically~*~*~ (outnumbered).
    12 | D:1      | 12 ||| INVOKING Spit Poison.
    45 | D:1      | 45 ||| INVOKING Spit Poison.
    56 | D:1      | 56 ||| INVOKING Spit Poison.
    59 | D:1      | 59 ||| INVOKING Spit Poison.
    75 | D:1      | Reached skill level 4 in Ranged Weapons
    75 | D:1      | Reached XP level 2. HP: 26/26 MP: 2/2
    98 | D:1      | 98 ||| READING scroll labelled SUSAID YKHLI.
    99 | D:1      | 99 ||| READING scroll labelled OTEAM QILOECEL.
   100 | D:1      | 100 ||| READING scroll labelled DONGYVE OSMA.
   104 | D:1      | 104 ||| INVOKING Spit Poison.
   110 | D:1      | 110 ||| READING scroll labelled GALOZIE LATIRR.
   111 | D:1      | 111 ||| DRINKING 2 metallic purple potions.
   112 | D:1      | 112 ||| DROPPING scroll of butterflies.
   113 | D:1      | 113 ||| DROPPING potion of attraction.
   115 | D:1      | 115 ||| INVOKING Spit Poison.
   120 | D:1      | 120 ||| INVOKING Spit Poison.
   126 | D:1      | 126 ||| INVOKING Spit Poison.
   131 | D:1      | 131 ||| INVOKING Spit Poison.
   172 | D:1      | 172 ||| INVOKING Spit Poison.
   209 | D:1      | 209 ||| INVOKING Spit Poison.
   210 | D:1      | 210 ||| INVOKING Spit Poison.
   284 | D:1      | 284 ||| INVOKING Spit Poison.
   296 | D:1      | 296 ||| INVOKING Spit Poison.
   297 | D:1      | Reached XP level 3. HP: 32/32 MP: 3/3
   406 | D:1      | Found a faded altar of an unknown god.
   633 | D:1      | 633 ||| READING scroll labelled PAEJEA FEYDYDA.
   734 | D:1      | 734 ||| READING scroll labelled SACZE MERUC.
   889 | D:2      | 889 ||| INVOKING Spit Poison.
   963 | D:2      | 963 ||| INVOKING Spit Poison.
   986 | D:2      | 986 ||| INVOKING Spit Poison.
   992 | D:2      | 992 ||| INVOKING Spit Poison.
  1062 | D:2      | 1062 ||| INVOKING Spit Poison.
  1065 | D:2      | 1065 ||| INVOKING Spit Poison.
  1069 | D:2      | 1069 ||| INVOKING Spit Poison.
  1070 | D:2      | Reached skill level 5 in Ranged Weapons
  1070 | D:2      | Reached XP level 4. HP: 31/39 MP: 4/4
  1180 | D:2      | 1180 ||| INVOKING Spit Poison.
  1199 | D:2      | 1199 ||| INVOKING Spit Poison.
  1227 | D:2      | 1227 ||| INVOKING Spit Poison.
  1233 | D:2      | 1233 ||| INVOKING Spit Poison.
  1234 | D:2      | 1234 ||| INVOKING Spit Poison.
  1321 | D:2      | 1321 ||| INVOKING Spit Poison.
  1324 | D:2      | 1324 ||| INVOKING Spit Poison.
  1327 | D:2      | 1327 ||| INVOKING Spit Poison.
  1376 | D:2      | 1376 ||| INVOKING Spit Poison.
  1379 | D:2      | 1379 ||| INVOKING Spit Poison.
  1525 | D:2      | 1525 ||| DRINKING 2 glowing clear potions.
  1560 | D:3      | 1560 ||| INVOKING Spit Poison.
  1561 | D:3      | 1561 ||| STAIRDANCE
  1598 | D:3      | 1598 ||| STAIRDANCE
  1600 | D:2      | 1600 ||| INVOKING Spit Poison.
  1620 | D:3      | 1620 ||| STAIRDANCE
  1622 | D:2      | 1622 ||| INVOKING Spit Poison.
  1667 | D:3      | 1667 ||| INVOKING Spit Poison.
  1671 | D:3      | 1671 ||| INVOKING Spit Poison.
  1672 | D:3      | 1672 ||| FLEEEEING.
  1673 | D:3      | 1673 ||| STAIRDANCE
  1675 | D:2      | 1675 ||| INVOKING Spit Poison.
  1747 | D:3      | 1747 ||| STAIRDANCE
  1749 | D:2      | 1749 ||| INVOKING Spit Poison.
  1806 | D:3      | Found Picleuso's Magic Scroll Shop.
  1810 | D:3      | 1810 ||| INVOKING Spit Poison.
  1816 | D:3      | 1816 ||| INVOKING Spit Poison.
  1820 | D:3      | 1820 ||| BUYING 3 scrolls of identify (84 gold).
  1820 | D:3      | Bought 3 scrolls of identify for 84 gold pieces
  1820 | D:3      | 1820 ||| SHOPLISTING scroll of identify (28 gold, have 9).
  1827 | D:3      | Found an iron altar of Okawaru.
  1828 | D:3      | 1828 ||| PLANNING OKAWARU WORSHIP
  1828 | D:3      | 1828 ||| READING 3 scrolls of identify.
  1828 | D:3      | 1828 ||| IDENTIFYING ruby potion
  1829 | D:3      | 1829 ||| READING 2 scrolls of identify.
  1829 | D:3      | 1829 ||| IDENTIFYING dark potion
  1830 | D:3      | 1830 ||| DROPPING potion of brilliance.
  1834 | D:3      | Noticed Sigmund
  1836 | D:3      | 1836 ||| INVOKING Spit Poison.
  1840 | D:3      | 1840 ||| DRINKING potion of curing.
  1840 | D:3      | 1840 ||| (to cure confusion)
  1842 | D:3      | 1842 ||| INVOKING Spit Poison.
  1843 | D:3      | Killed Sigmund
  1844 | D:3      | Reached XP level 5. HP: 32/51 MP: 5/5
  1844 | D:3      | Reached XP level 6. HP: 38/60 MP: 6/6
  1916 | D:3      | Became a worshipper of Warmaster Okawaru
  1917 | D:3      | 1917 ||| PLANNING D:1-11
  1932 | D:3      | 1932 ||| INVOKING Spit Poison.
  1985 | D:3      | 1985 ||| INVOKING Spit Poison.
  1992 | D:3      | 1992 ||| INVOKING Spit Poison.
  1996 | D:3      | 1996 ||| INVOKING Spit Poison.
  2028 | D:3      | Found an iron altar of Okawaru.
  2069 | D:3      | 2069 ||| INVOKING Spit Poison.
  2073 | D:3      | 2073 ||| INVOKING Spit Poison.
  2095 | D:3      | 2095 ||| UPGRADING to +2 robe of fire resistance.
  2105 | D:3      | 2105 ||| INVOKING Spit Poison.
  2110 | D:3      | 2110 ||| DROPPING +0 leather armour.
  2168 | D:3      | 2168 ||| INVOKING Spit Poison.
  2170 | D:3      | 2170 ||| Stepping ~*~*~tactically~*~*~ (outnumbered).
  2172 | D:3      | 2172 ||| Stepping ~*~*~tactically~*~*~ (outnumbered).
  2173 | D:3      | 2173 ||| INVOKING Spit Poison.
  2177 | D:3      | 2177 ||| INVOKING Spit Poison.
  2184 | D:3      | 2184 ||| INVOKING Spit Poison.
  2446 | D:3      | 2446 ||| INVOKING Spit Poison.
  2632 | D:3      | You fall into a shaft and drop 3 floors!
  2633 | D:6      | 2633 ||| READING scroll labelled QEECEUGUTI.
  2634 | D:6      | 2634 ||| READING 2 scrolls labelled POEWIU JAHENN.
  2635 | D:6      | 2635 ||| READING scroll labelled VUMECRO SEFED.
  2636 | D:6      | 2636 ||| READING 2 scrolls of identify.
  2636 | D:6      | 2636 ||| IDENTIFYING yellow potion
  2637 | D:6      | 2637 ||| DROPPING potion of lignification.
  2638 | D:6      | 2638 ||| DROPPING scroll of amnesia.
  2646 | D:5      | Entered Level 5 of the Dungeon
  2705 | D:4      | 2705 ||| INVOKING Spit Poison.
  2718 | D:4      | 2718 ||| INVOKING Spit Poison.
  2774 | D:4      | Found Uxiwes's Weapon Boutique.
  2786 | D:4      | 2786 ||| SHOPLISTING +1 heavy arbalest (196 gold, have 57).
  2825 | D:4      | Found a snail-covered altar of Cheibriados.
  2949 | D:4      | 2949 ||| UPGRADING to +2 hat.
  2954 | D:4      | 2954 ||| INVOKING Spit Poison.
  2961 | D:4      | 2961 ||| INVOKING Spit Poison.
  2967 | D:4      | 2967 ||| READING scroll labelled IBLISUA NEOVUQIU.
  2971 | D:4      | 2971 ||| INVOKING Spit Poison.
  3385 | D:4      | 3385 ||| INVOKING Spit Poison.
  3390 | D:4      | 3390 ||| INVOKING Spit Poison.
  3428 | D:4      | 3428 ||| INVOKING Spit Poison.
  3484 | D:4      | 3484 ||| READING 2 scrolls of enchant weapon.
  3484 | D:4      | 3484 ||| ENCHANTING +1 shortbow.
  3485 | D:4      | 3485 ||| READING scroll of enchant weapon.
  3485 | D:4      | 3485 ||| ENCHANTING +2 shortbow.
  3551 | D:4      | 3551 ||| INVOKING Spit Poison.
  3555 | D:4      | 3555 ||| INVOKING Spit Poison.
  3559 | D:4      | Reached skill level 6 in Ranged Weapons
  3756 | D:4      | 3756 ||| INVOKING Spit Poison.
  3759 | D:4      | 3759 ||| INVOKING Spit Poison.
  3763 | D:4      | Reached XP level 7. HP: 66/66 MP: 7/7
  3809 | D:4      | 3809 ||| Stepping ~*~*~tactically~*~*~ (outnumbered).
  3811 | D:4      | 3811 ||| INVOKING Spit Poison.
  3815 | D:4      | 3815 ||| INVOKING Spit Poison.
  3821 | D:4      | 3821 ||| INVOKING Spit Poison.
  3947 | D:5      | 3947 ||| INVOKING Spit Poison.
  3949 | D:5      | 3949 ||| Stepping ~*~*~tactically~*~*~ (outnumbered).
  3970 | D:5      | 3970 ||| INVOKING Spit Poison.
  3977 | D:5      | 3977 ||| INVOKING Spit Poison.
  3983 | D:5      | 3983 ||| INVOKING Spit Poison.
  4001 | D:5      | Found a sparkling altar of Nemelex Xobeh.
  4002 | D:5      | 4002 ||| INVOKING Spit Poison.
  4008 | D:5      | 4008 ||| INVOKING Spit Poison.
  4022 | D:5      | 4022 ||| INVOKING Spit Poison.
  4023 | D:5      | Reached * piety under Okawaru
  4024 | D:5      | 4024 ||| FLEEEEING.
  4025 | D:5      | 4025 ||| FLEEEEING.
  4026 | D:5      | 4026 ||| FLEEEEING.
  4027 | D:5      | 4027 ||| FLEEEEING.
  4028 | D:5      | 4028 ||| INVOKING Spit Poison.
  4035 | D:5      | 4035 ||| INVOKING Spit Poison.
  4037 | D:5      | 4037 ||| INVOKING Heroism.
  4042 | D:5      | 4042 ||| INVOKING Spit Poison.
  4046 | D:5      | HP: 15/66 [scorpion (2)]
  4047 | D:5      | 4047 ||| DRINKING potion of heal wounds.
  4049 | D:5      | 4049 ||| INVOKING Heroism.
  4050 | D:5      | 4050 ||| INVOKING Spit Poison.
  4051 | D:5      | Reached skill level 7 in Ranged Weapons
  4052 | D:5      | HP: 15/66 [white imp/puff of frost (6)]
  4057 | D:5      | HP: 11/66 [orc/+0 short sword (2)]
  4059 | D:5      | 4059 ||| INVOKING Spit Poison.
  4061 | D:5      | 4061 ||| INVOKING Heroism.
  4285 | D:5      | 4285 ||| READING scroll of enchant weapon.
  4285 | D:5      | 4285 ||| ENCHANTING +3 shortbow.
  4536 | D:5      | Found a staircase to the Ecumenical Temple.
  4634 | D:5      | 4634 ||| DROPPING scarf of shadows.
  4635 | D:5      | 4635 ||| READING scroll labelled UFIRANKOSAU.
  4635 | D:5      | Identified a scroll of acquirement
  4635 | D:5      | 4635 ||| ACQUIRING 946 gold pieces
  4635 | D:5      | Acquired 946 gold pieces
  4637 | D:5      | 4637 ||| READING scroll labelled BOCUZX PIAZOSOLA.
  4638 | D:5      | 4638 ||| READING scroll labelled VOGO EBBARYO.
  4642 | D:5      | 4642 ||| DRINKING 2 pink potions.
  4643 | D:5      | 4643 ||| DRINKING 2 metallic pink potions.
  4644 | D:5      | 4644 ||| READING 2 scrolls of identify.
  4644 | D:5      | 4644 ||| IDENTIFYING fizzy black potion
  4645 | D:5      | 4645 ||| DROPPING potion of degeneration.
  4681 | D:6      | 4681 ||| INVOKING Spit Poison.
  4706 | D:6      | 4706 ||| READING scroll of enchant weapon.
  4706 | D:6      | 4706 ||| ENCHANTING +4 shortbow.
  4802 | D:6      | Noticed Maggie
  4806 | D:6      | 4806 ||| INVOKING Spit Poison.
  4813 | D:6      | 4813 ||| INVOKING Spit Poison.
  4820 | D:6      | 4820 ||| INVOKING Spit Poison.
  4821 | D:6      | Killed Maggie
  4822 | D:6      | Reached skill level 8 in Ranged Weapons
  4822 | D:6      | Reached XP level 8. HP: 45/73 MP: 8/8
  4894 | D:6      | Reached skill level 1 in Invocations
  4941 | D:6      | 4941 ||| INVOKING Spit Poison.
  4961 | D:6      | Noticed Blork the orc
  4962 | D:6      | 4962 ||| INVOKING Heroism.
  4969 | D:6      | 4969 ||| INVOKING Spit Poison.
  4977 | D:6      | 4977 ||| INVOKING Spit Poison.
  4981 | D:6      | 4981 ||| INVOKING Heroism.
  4982 | D:6      | 4982 ||| INVOKING Spit Poison.
  4982 | D:6      | Killed Blork the orc
  4986 | D:6      | 4986 ||| INVOKING Spit Poison.
  4995 | D:6      | 4995 ||| INVOKING Spit Poison.
  5075 | D:6      | 5075 ||| INVOKING Spit Poison.
  5091 | D:6      | 5091 ||| INVOKING Spit Poison.
  5093 | D:6      | 5093 ||| INVOKING Heroism.
  5096 | D:6      | 5096 ||| Stepping ~*~*~tactically~*~*~ (outnumbered).
  5099 | D:6      | 5099 ||| INVOKING Spit Poison.
  5104 | D:6      | Reached skill level 3 in Invocations
  5104 | D:6      | 5104 ||| INVOKING Spit Poison.
  5246 | D:6      | 5246 ||| INVOKING Spit Poison.
  5270 | D:6      | Found a blossoming altar of Fedhas.
  5307 | D:6      | 5307 ||| INVOKING Heroism.
  5308 | D:6      | 5308 ||| INVOKING Spit Poison.
  5312 | D:6      | Reached skill level 9 in Ranged Weapons
  5320 | D:6      | 5320 ||| INVOKING Spit Poison.
  5422 | D:6      | Found a basalt altar of Yredelemnul.
  5607 | D:6      | 5607 ||| UPGRADING to +4 ring of protection.
  5726 | D:7      | 5726 ||| Stepping ~*~*~tactically~*~*~ (outnumbered).
  5728 | D:7      | 5728 ||| Stepping ~*~*~tactically~*~*~ (outnumbered).
  5730 | D:7      | 5730 ||| INVOKING Spit Poison.
  5733 | D:7      | 5733 ||| Stepping ~*~*~tactically~*~*~ (outnumbered).
  5734 | D:7      | 5734 ||| INVOKING Spit Poison.
  5736 | D:7      | 5736 ||| Stepping ~*~*~tactically~*~*~ (outnumbered).
  5740 | D:7      | 5740 ||| INVOKING Spit Poison.
  5743 | D:7      | 5743 ||| INVOKING Spit Poison.
  5744 | D:7      | Reached XP level 9. HP: 77/81 MP: 12/12
  5786 | D:7      | 5786 ||| INVOKING Spit Poison.
  5790 | D:7      | 5790 ||| INVOKING Spit Poison.
  5791 | D:7      | 5791 ||| INVOKING Spit Poison.
  5793 | D:7      | Reached ** piety under Okawaru
  5794 | D:7      | Reached skill level 3 in Dodging
  6154 | D:7      | Reached skill level 6 in Fighting
  6311 | D:7      | 6311 ||| INVOKING Spit Poison.
  6315 | D:7      | 6315 ||| INVOKING Spit Poison.
  6382 | D:7      | 6382 ||| INVOKING Spit Poison.
  6387 | D:7      | 6387 ||| INVOKING Spit Poison.
  6513 | D:7      | 6513 ||| INVOKING Spit Poison.
  6789 | D:7      | 6789 ||| UPGRADING to +6 ring of dexterity.
  6790 | D:7      | 6790 ||| READING scroll labelled VAKOLUAROYB.
  6791 | D:7      | 6791 ||| DRINKING 2 metallic grey potions.
  6801 | D:7      | 6801 ||| READING 2 scrolls of identify.
  6801 | D:7      | 6801 ||| IDENTIFYING black potion
  6802 | D:7      | 6802 ||| DROPPING potion of ambrosia.
  6851 | D:8      | 6851 ||| INVOKING Spit Poison.
  6853 | D:8      | 6853 ||| Stepping ~*~*~tactically~*~*~ (outnumbered).
  6854 | D:8      | 6854 ||| Stepping ~*~*~tactically~*~*~ (outnumbered).
  6857 | D:8      | 6857 ||| Stepping ~*~*~tactically~*~*~ (outnumbered).
  6858 | D:8      | 6858 ||| INVOKING Spit Poison.
  6864 | D:8      | 6864 ||| INVOKING Spit Poison.
  6870 | D:8      | 6870 ||| INVOKING Spit Poison.
  6875 | D:8      | 6875 ||| INVOKING Spit Poison.
  6881 | D:8      | 6881 ||| INVOKING Spit Poison.
  6963 | D:8      | 6963 ||| INVOKING Spit Poison.
  6968 | D:8      | Noticed a catoblepas
  6969 | D:8      | 6969 ||| INVOKING Heroism.
  6970 | D:8      | 6970 ||| INVOKING Spit Poison.
  6973 | D:8      | 6973 ||| Stepping ~*~*~tactically~*~*~ (cloud).
  6975 | D:8      | 6975 ||| INVOKING Spit Poison.
  6979 | D:8      | 6979 ||| Stepping ~*~*~tactically~*~*~ (cloud).
  6980 | D:8      | 6980 ||| Stepping ~*~*~tactically~*~*~ (cloud).
  6982 | D:8      | 6982 ||| INVOKING Spit Poison.
  6985 | D:8      | 6985 ||| DRINKING potion of cancellation.
  6986 | D:8      | 6986 ||| Stepping ~*~*~tactically~*~*~ (cloud).
  6991 | D:8      | HP: 10/82 [catoblepas (15)]
  6992 | D:8      | HP: 1/82 [catoblepas (9)]
  6993 | D:8      | Slain by a catoblepas

Levels and vault maps discovered:
D:1:      ncdulo_lavacross, layout_basic, chequers_ecumenical_altar_twisty,
          chequers_big_river, moated_statue
D:2:      layout_loops_ring, moated_statue, minmay_close_crescents
D:3:      wad_woods_stonehenge, layout_basic, okawaru_trees_2, serial_shops,
          shop, uniq_sigmund
D:4:      nicolae_cairo_tiling, layout_loops_corners,
          mainiacjoe_overflow_alcove_2, serial_shops,
          nicolae_shop_bloodbath_and_beyond, minmay_misc_feat_rugged
D:5:      layout_rooms, lemuel_crystal_altar,
          minmay_temple_entry_enclosed_plants
D:6:      layout_loops_cross, yredelemnul_forgotten_temple_becter,
          fedhas_altar_4, chequers_serial_rivers_micro_c, uniq_blork_the_orc,
          uniq_maggie
D:7:      layout_loops_corners
D:8:      layout_basic, minmay_small_thing

Skill      XL: |  1  2  3  4  5  6  7  8  9 |
---------------+----------------------------+-----
Ranged Weapons | 4 5 6 8 9 |  9.5
Fighting       | 4 5 6 |  6.1
Dodging        | 2 3 |  3.9
Invocations    | 4 |  4.0
Stealth        | |  1.5

Action                     |  1- 3 |  4- 6 |  7- 9 || total
---------------------------+-------+-------+-------++-------
   Fire: Shortbow          |    52 |   116 |   238 ||   406
 Invoke: Heroism           |       |       |     8 ||     8
Ability: Spit Poison       |    20 |    44 |    53 ||   117
    Use: Scroll            |     6 |     9 |     8 ||    23
         Potion            |     1 |     2 |     5 ||     8
 Armour: Leather armour    |     2 |     6 |       ||     8
         Robe              |       |     8 |    44 ||    52
  Dodge: Dodged            |    13 |    38 |    79 ||   130

Table legend:
 A = Non-vault XP
 B = Vault XP
 C = Vault XP percentage of total XP
 D = Non-vault monster count
 E = Vault monster count
 F = Vault count percentage of total count
                 A         B        C        D         E       F
            +---------+---------+-------+---------+---------+-------
      Total |    2790 |     735 |  20.9 |     151 |      13 |   7.9
            +---------+---------+-------+---------+---------+-------
        D:1 |      38 |       0 |   0.0 |      20 |       0 |   0.0
        D:2 |      85 |       5 |   5.6 |      22 |       4 |  15.4
        D:3 |      77 |     244 |  76.0 |      12 |       6 |  33.3
        D:4 |     192 |       0 |   0.0 |      22 |       0 |   0.0
        D:5 |     413 |       0 |   0.0 |      18 |       0 |   0.0
        D:6 |     768 |     486 |  38.8 |      22 |       3 |  12.0
        D:7 |     909 |       0 |   0.0 |      23 |       0 |   0.0
        D:8 |     308 |       0 |   0.0 |      12 |       0 |   0.0
            +---------+---------+-------+---------+---------+-------
